 Dungeon Crawl Stone Soup version 0.24-a0-788-g2b66604 (webtiles) character file.

Game seed: 3215408833556031438, levelgen mode: deterministic

6862 ximxim the Grappler (level 10, 0/91 HPs)
             Began as a Troll Skald on Oct 9, 2019.
             Was a High Priest of Lugonu.
             Killed from afar by an electric eel (11 damage)
             ... with a bolt of electricity
             ... on level 9 of the Dungeon.
             The game lasted 00:12:48 (7184 turns).

ximxim the Grappler (Troll Skald)                   Turns: 7184, Time: 00:12:49

Health: 0/91       AC:  8    Str: 24    XL:     10   Next: 78%
Magic:  10/10      EV: 10    Int:  9    God:    Lugonu [*****.]
Gold:   473        SH:  0    Dex:  9    Spells: 10/11 levels left

rFire    . . .     SeeInvis .     - Unarmed
rCold    . . .     Gourm    +   (no shield)
rNeg     + . .     Faith    .   a - +0 robe
rPois    +         Spirit   .   (helmet restricted)
rElec    .         Reflect  .   x - +1 cloak
rCorr    .         Harm     .   (gloves unavailable)
MR       .....                  (boots unavailable)
Stlth    ++........             (no amulet)
HPRegen  0.65/turn              t - ring of poison resistance
MPRegen  0.12/turn              G - ring of positive energy

@: no status effects
A: large, unfitting armour, claws 3, fast metabolism 3, gourmand, regeneration
1, shaggy fur 1, tough skin 3
a: Depart the Abyss, Bend Space, Banish, Corrupt, Enter the Abyss, Renounce
Religion


You were on level 9 of the Dungeon.
You worshipped Lugonu.
Lugonu was extremely pleased with you.
You were very full.

You visited 2 branches of the dungeon, and saw 10 of its levels.

You collected 473 gold pieces.

Inventory:

Hand Weapons
 w - a +3 quarterstaff of chaos
Missiles
 s - 10 poisoned darts (quivered)
Armour
 a - a +0 robe (worn)
 x - a +1 cloak (worn)
 C - a +2 buckler
Jewellery
 e - a +4 ring of protection {unknown}
 t - a ring of poison resistance (left claw)
 G - a ring of positive energy (right claw)
Wands
 h - a wand of flame (41)
 y - a wand of digging (16)
Scrolls
 b - a scroll of enchant armour {unknown}
 d - 5 scrolls of teleportation
 g - 2 scrolls of blinking
 j - 2 scrolls of remove curse
 k - 4 scrolls of magic mapping
 m - a scroll of enchant weapon {unknown}
 o - a scroll of immolation {unknown}
 q - 4 scrolls of fog
 u - a scroll of noise {unknown}
 B - a scroll of amnesia {unknown}
Potions
 f - 3 potions of curing
 i - a potion of flight
 l - a potion of cancellation
 n - a potion of brilliance
 p - 2 potions of resistance
 r - 4 potions of heal wounds
 v - a potion of invisibility {unknown}
 z - a potion of lignification {unknown}
 A - a potion of might {unknown}
 E - 2 potions of agility
 F - a potion of magic {unknown}
Comestibles
 c - 10 rations


   Skills:
 + Level 3.1 Fighting
 + Level 0.3 Throwing
 - Level 1.9 Dodging
 - Level 2.1 Stealth
 * Level 14.9 Unarmed Combat
 - Level 1.2 Spellcasting
 - Level 2.0 Charms
 * Level 1.8 Invocations


You had 10 spell levels left.
You knew the following spells:

 Your Spells              Type           Power        Failure   Level  Hunger
a - Infusion              Chrm           #...         16%         1    ##.....

Your spell library contained the following spells:

 Spells                   Type           Power        Failure   Level  Hunger
 Song of Slaying          Chrm           #.......     24%         2    ###....
 Animate Skeleton         Necr           N/A          36%         1    ##.....
 Confusing Touch          Hex            #.....       36%         1    ##.....
 Shroud of Golubria       Chrm/Tloc      #.....       36%         2    ###....
 Sublimation of Blood     Necr           #.........   50%         2    ###....
 Regeneration             Chrm/Necr      #.........   58%         3    ####...
 Spectral Weapon          Hex/Chrm       #.......     58%         3    ####...
 Confuse                  Hex            #.......     73%         3    ####...
 Gell's Gravitas          Tloc           #.........   73%         3    ####...
 Petrify                  Tmut/Erth      #.......     98%         4    #####..
 Summon Lightning Spire   Summ/Air       #.......     98%         4    #####..
 Agony                    Necr           #.......     100%        5    ######.
 Iskenderun's Battlesphe  Conj/Chrm      #.......     100%        5    ######.
 Metabolic Englaciation   Hex/Ice        #.........   100%        5    ######.
 Silence                  Hex/Air        #.........   100%        5    ######.
 Yara's Violent Unravell  Hex/Tmut       #.........   100%        5    ######.
 Conjure Ball Lightning   Conj/Air       #.........   100%        6    #######
 Deflect Missiles         Chrm/Air       #.........   100%        6    #######
 Ring of Flames           Chrm/Fire      #.........   100%        7    #######
 Tornado                  Air            #.........   100%        9    #######


Dungeon Overview and Level Annotations

Branches:
Dungeon (9/15)             Temple (1/1) D:5
   Lair: D:8-11         Orc: D:9-12

Altars:
Ashenzari
Cheibriados
Dithmenos
Elyvilon
Fedhas
Gozag
Hepliaklqana
Kikubaaqudgha
Makhleb
Nemelex Xobeh
Okawaru
Qazlal
Ru
Sif Muna
Trog
Uskayaw
Vehumet
Wu Jian
Xom
Yredelemnul
Zin
The Shining One
Lugonu


Innate Abilities, Weirdness & Mutations

You are too large for most types of armour.
You have claws for hands.
Your metabolism is lightning-fast.
You like to eat raw meat.
Your natural rate of healing is unusually fast.
You are covered in fur. (AC +1)
You have extremely tough skin. (AC +3)


Message History

The bolt of electricity hits the electric eel.
The electric eel completely resists.
The bolt of electricity hits you.
You miss the electric eel.
The electric eel shoots out a bolt of lightning at you!
The bolt of electricity misses you.
You barely miss the electric eel.
The electric eel shoots out a bolt of lightning at you!
The bolt of electricity hits you!
The electric eel shoots out a bolt of lightning at you!
The bolt of electricity hits you!
You barely miss the electric eel.
The electric eel shoots out a bolt of lightning at you!
The bolt of electricity hits you!
* * * LOW HITPOINT WARNING * * *
The electric eel shoots out a bolt of lightning at you!
The bolt of electricity hits you!
* * * LOW HITPOINT WARNING * * *
The electric eel shoots out a bolt of lightning at you!
The bolt of electricity hits you!
You die...

#...###≈≈≈...≈≈≈####
#...........#..## #
#.............## #
#.............# ##
#..#.........## ##.
.........#..## #..
......;....## ##.#
...≈≈;.....## ##.##
..≈≈≈≈≈.$.@.# #..#
..≈≈≈≈≈.....# ##.##
..≈≈≈≈≈..#...#
##.####
.≈.≈≈≈/≈.##...#
#..##.# .≈.≈.....#
#...# ##.##...
........# #...#
##.(#.... .......
#...##..#).... ....
....#.#()....
#...(........


You could see 2 electric eels.

Vanquished Creatures
  3 two-headed ogres
  2 hippogriffs
  5 yaks (D:9)
  Sigmund (D:4)
  A wyvern (D:8)
  5 sky beasts
  2 orc warriors
  5 ice beasts
  3 ogres
  2 phantoms
  A necrophage (D:8)
  A centaur (D:8)
  A big kobold (D:9)
  4 bullfrogs
  4 scorpions
  4 wights (D:6)
  An electric eel (D:7)
  3 howler monkeys
  3 crimson imps
  A bullfrog zombie (D:5)
  Crazy Yiuf (D:6)
  5 hounds
  3 orc priests
  3 iguanas
  A centaur skeleton (D:6)
  3 orc wizards (D:8)
  5 worker ants
  A centaur simulacrum (D:9)
  A hound zombie (D:8)
  2 hound skeletons
  Robin (D:2)
  A howler monkey zombie (D:9)
  7 gnolls
  6 adders
  3 shadow imps
  2 white imps (D:9)
  An ooze (D:7)
  5 worms
  A dart slug (D:4)
  3 leopard geckos
  20 orcs
  5 bats
  7 giant cockroaches
  22 goblins
  10 hobgoblins
  4 jackals
  6 quokkas
  4 ball pythons
  A ball python skeleton (D:4)
  A frilled lizard (D:2)
  14 kobolds
  A leopard gecko skeleton (D:4)
  A quokka skeleton (D:4)
  10 rats
  A bush (D:5)
214 creatures vanquished.

Notes
Turn   | Place    | Note
-------+----------+-------------------------------------------
     0 | D:1      | ximxim the Troll Skald began the quest for the Orb.
     0 | D:1      | Reached XP level 1. HP: 19/19 MP: 1/1
   234 | D:1      | You fall into a shaft and drop 1 floor!
   300 | D:1      | Reached XP level 2. HP: 27/27 MP: 2/2
   352 | D:1      | Reached skill level 3 in Unarmed Combat
   672 | D:2      | Found a faded altar of an unknown god.
   676 | D:2      | Found a glowing golden altar of the Shining One.
   694 | D:2      | Became a worshipper of Lugonu the Unformed
   694 | D:2      | Reached * piety under Lugonu
   694 | D:2      | Reached ** piety under Lugonu
   721 | D:2      | Found a shimmering altar of Xom.
   799 | D:2      | Reached XP level 3. HP: 15/33 MP: 3/3
   874 | D:2      | Noticed Robin
   914 | D:2      | Reached skill level 4 in Unarmed Combat
   935 | D:2      | Reached *** piety under Lugonu
   953 | D:2      | Killed Robin
   953 | D:2      | Reached XP level 4. HP: 5/41 MP: 4/4
  1276 | D:2      | Found a shadowy altar of Dithmenos.
  1472 | D:3      | Found a sparkling altar of Nemelex Xobeh.
  1472 | D:3      | Found an ancient bone altar of Kikubaaqudgha.
  1472 | D:3      | Found a snail-covered altar of Cheibriados.
  1472 | D:3      | Found an iron altar of Okawaru.
  1473 | D:3      | Found an opulent altar of Gozag.
  1483 | D:3      | Found a hazy altar of Hepliaklqana.
  1655 | D:3      | Reached skill level 5 in Unarmed Combat
  1691 | D:3      | Reached XP level 5. HP: 16/48 MP: 5/5
  1977 | D:3      | Noticed a moth of wrath
  1980 | D:3      | Found a bloodstained altar of Trog.
  2275 | D:4      | Noticed Sigmund
  2301 | D:4      | Killed Sigmund
  2301 | D:4      | Reached skill level 6 in Unarmed Combat
  2301 | D:4      | Reached XP level 6. HP: 12/55 MP: 6/6
  2384 | D:4      | Identified Ejilol's Guide on Assistive Evil
  2595 | D:4      | Reached skill level 7 in Unarmed Combat
  2603 | D:4      | Reached **** piety under Lugonu
  2715 | D:4      | Reached XP level 7. HP: 42/62 MP: 7/7
  3281 | D:5      | Entered Level 5 of the Dungeon
  3302 | D:5      | Reached skill level 8 in Unarmed Combat
  3327 | D:5      | Found a staircase to the Ecumenical Temple.
  3345 | Temple   | Entered the Ecumenical Temple
  3792 | D:5      | Reached skill level 9 in Unarmed Combat
  3858 | D:5      | Reached XP level 8. HP: 57/70 MP: 8/8
  3893 | D:5      | Found a sacrificial altar of Ru.
  4095 | D:5      | Reached skill level 10 in Unarmed Combat
  4461 | D:6      | Reached skill level 1 in Stealth
  4897 | D:6      | Reached ***** piety under Lugonu
  4897 | D:6      | Reached skill level 11 in Unarmed Combat
  4959 | D:6      | Found a runed translucent door.
  4960 | D:6      | Noticed Crazy Yiuf
  5165 | D:6      | Killed Crazy Yiuf
  5208 | D:7      | Noticed a hippogriff
  5216 | D:7      | Killed a hippogriff
  5216 | D:7      | Reached XP level 9. HP: 62/79 MP: 9/9
  5836 | D:8      | Reached skill level 12 in Unarmed Combat
  5900 | D:8      | Found an ornate altar of the Wu Jian Council.
  6112 | D:8      | Found a stormy altar of Qazlal.
  6150 | D:8      | Noticed a two-headed ogre
  6164 | D:8      | Killed a two-headed ogre
  6164 | D:8      | Reached skill level 13 in Unarmed Combat
  6316 | D:8      | Reached XP level 10. HP: 88/88 MP: 10/10
  6758 | D:9      | Reached skill level 14 in Unarmed Combat
  6784 | D:9      | Noticed a two-headed ogre
  6797 | D:9      | Killed a two-headed ogre
  6797 | D:9      | Reached skill level 1 in Invocations
  7007 | D:9      | Noticed a two-headed ogre
  7015 | D:9      | Killed a two-headed ogre
  7184 | D:9      | Killed from afar by an electric eel

Levels and vault maps discovered:
D:1:      dpeg_chamrin_arrival_tetris, layout_basic
D:2:      layout_loops_cross, nicolae_dithmenos_shadow_blocks,
          overflow_temple_1_default, lemuel_crystal_altar,
          chequers_ecumenical_altar_simple_redux, kennysheep_decorative_pillar,
          uniq_robin
D:3:      layout_rooms, tgw_trog, lemuel_crystal_altar,
          grunt_temple_overflow_open, grunt_ministairs_4,
          chequers_serial_rivers_room_a, saegor_snake_ambush
D:4:      layout_loops_corners, roderic_serpentine_path, uniq_sigmund
D:5:      layout_loops_ring, nicolae_ru_sacrificial_ziggurat,
          minmay_temple_entry_overgrown, first_ration, grunt_decor_fettered
D:6:      layout_loops_ring, uniq_crazy_yiuf_cottage
D:7:      layout_basic, water_maze_lemuel
D:8:      layout_cave_pools, nicolae_overflow_hidden_temple,
          nicolae_qazlal_eye_of_the_storm
D:9:      layout_cave_pods, serial_ice, serial_ice_b, serial_ice_l,
          serial_ice_d, serial_ice_f, serial_ice_g, serial_ice_n
Temple:   jpeg_temple_alley_garden

Skill      XL: |  1  2  3  4  5  6  7  8  9 10 |
---------------+-------------------------------+-----
Unarmed Combat | 3 4 5 6 7 9 11 13 14 | 14.9
Stealth        | 1 2 |  2.1
Fighting       | 2 3 |  3.1
Invocations    | 1 |  1.8
Throwing       | |  0.3
Dodging        | |  1.9
Spellcasting   | |  1.2
Charms         | |  2.0

Action                   |  1- 3 |  4- 6 |  7- 9 | 10-12 || total
-------------------------+-------+-------+-------+-------++-------
Melee: Unarmed           |   114 |   149 |   298 |   125 ||   686
       Punch             |     2 |     5 |     9 |    10 ||    26
Throw: Dart              |       |       |     1 |     3 ||     4
  Use: Scroll            |       |     5 |     6 |     1 ||    12
       Potion            |       |     1 |       |       ||     1
 Stab: Sleeping          |     1 |     1 |     2 |       ||     4
       Distracted        |       |       |     1 |       ||     1
  Eat: Chunk             |     3 |    14 |    32 |     7 ||    56
       Ration            |     1 |     1 |     2 |       ||     4
Armor: Robe              |    35 |    57 |    78 |    30 ||   200
Dodge: Dodged            |    51 |    78 |   120 |    36 ||   285

Table legend:
 A = Non-vault XP
 B = Vault XP
 C = Vault XP percentage of total XP
 D = Non-vault monster count
 E = Vault monster count
 F = Vault count percentage of total count
                 A         B        C        D         E       F
            +---------+---------+-------+---------+---------+-------
      Total |    9307 |     496 |   5.1 |     187 |      26 |  12.2
            +---------+---------+-------+---------+---------+-------
        D:1 |      19 |       0 |   0.0 |      11 |       0 |   0.0
        D:2 |      48 |      39 |  44.8 |      25 |      13 |  34.2
        D:3 |     158 |      27 |  14.6 |      21 |       7 |  25.0
        D:4 |     318 |     212 |  40.0 |      19 |       1 |   5.0
        D:5 |     958 |       0 |   0.0 |      22 |       0 |   0.0
        D:6 |     814 |      41 |   4.8 |      13 |       1 |   7.1
        D:7 |     807 |       0 |   0.0 |      17 |       0 |   0.0
        D:8 |    2573 |       0 |   0.0 |      32 |       0 |   0.0
        D:9 |    3612 |     177 |   4.7 |      27 |       4 |  12.9
            +---------+---------+-------+---------+---------+-------
